 Dungeon Crawl Stone Soup version 0.31-a0-620-gd1cbd99268 (webtiles) character file.

Game seed: 8536644560468508098

2195 gruber the Grappler (level 9, 0/85 (93) HPs)
             Began as a Troll Shapeshifter on Aug 23, 2023.
             Was a Follower of Uskayaw.
             Slain by Jeremiah
             ... wielding a +2 trident of draining
              (5 damage)
             ... on level 7 of the Dungeon.
             The game lasted 00:06:55 (4782 turns).

gruber the Grappler (Troll Shapeshifter)            Turns: 4782, Time: 00:06:56

HP:   0/85 (93)     AC:  4    Str: 29    XL:     9   Next: 12%
MP:   5/8           EV:  9    Int:  4    God:    Uskayaw [*.....]
Gold: 256           SH:  5    Dex: 10    Spells: 8/8 levels left

rFire   + .          .
                       - Unarmed
rCold   . . .        (no shield)
rNeg    . . .        a - +0 animal skin
rPois   +            (helmet currently unavailable)
rElec   .            (cloak currently unavailable)
rCorr   .            (gloves unavailable)
SInv    .            (boots unavailable)
Will    .....        y - amulet of reflection
Stlth   +            q - ring of poison resistance
HPRegen 1.14/turn    p - ring of protection from fire
MPRegen 0.11/turn

%: reflection
@: beast-form, drained
A: beast (slay +1), large, unfitting armour, claws 3, regeneration 1, shaggy fur
1, tough skin 1
a: Begin Untransformation, Renounce Religion, Stomp


You were on level 7 of the Dungeon.
You worshipped Uskayaw.
Uskayaw was noncommittal.
You were a hulking beast.
You visited 2 branches of the dungeon, and saw 8 of its levels.

You collected 256 gold pieces.

Inventory:

Hand Weapons
 s - the +5 woodcutter's axe
   (You took it off a gnoll on level 5 of the Dungeon)
Armour
 a - a +0 animal skin (worn)
 w - a +0 cloak
Jewellery
 h - an amulet of magic regeneration
 l - a ring of magical power
 p - a ring of protection from fire (right claw)
 q - a ring of poison resistance (left claw)
 y - an amulet of reflection (around neck)
 z - a ring of wizardry
Talismans
 c - a beast talisman (active)
 d - a flux talisman
Wands
 o - a wand of flame (11)
Scrolls
 f - 2 scrolls of poison {unknown}
 g - 8 scrolls of identify {unknown}
 j - 2 scrolls of teleportation {unknown}
 t - 2 scrolls of noise {unknown}
 u - 2 scrolls of amnesia {unknown}
 v - a scroll of blinking {unknown}
 x - a scroll of vulnerability {unknown}
Potions
 b - a potion of lignification
 e - 5 potions of curing {unknown}
 i - 2 potions of degeneration {unknown}
 k - a potion of invisibility {unknown}
 m - 2 potions of berserk rage {unknown}
 n - a potion of attraction {unknown}
 r - 3 potions of enlightenment {unknown}


   Skills:
 - Level 7.0 Fighting
 - Level 1.5 Dodging
 - Level 9.0 Unarmed Combat
 * Level 3.4 Shapeshifting


You had 8 spell levels left.
You didn't know any spells.
Your spell library contained the following spells:

 Spells                   Type           Power      Damage    Failure   Level
 Apportation              Tloc           0%         N/A       50%         1
 Sting                    Tmut/Pois      0%         1d3       50%         1
 Blink                    Tloc           0%         N/A       65%         2
 Lesser Beckoning         Tloc           0%         N/A       65%         2
 Momentum Strike          Conj/Tloc      0%         3d8       65%         2
 Poisonous Vapours        Pois/Air       0%         N/A       65%         2
 Ignite Poison            Fire/Tmut/Pois 0%         N/A       86%         3
 Olgreb's Toxic Radiance  Pois           0%         N/A       99%         4
 Sticky Flame             Conj/Fire      0%         2d3       99%         4
 Alistair's Intoxication  Tmut/Pois      0%         N/A       100%        5
 Haunt                    Necr/Summ      0%         N/A       100%        7
 Borgnjor's Revivificati  Necr           0%         N/A       100%        8
 Ignition                 Fire           0%         3d3       100%        8
 Death's Door             Necr           0%         N/A       100%        9


Dungeon Overview and Level Annotations

Branches:
Dungeon (7/15)             Temple (1/1) D:4

Altars:
Ashenzari
Cheibriados
Dithmenos
Elyvilon
Gozag
Hepliaklqana
Makhleb
Okawaru
Qazlal
Ru
Sif Muna
Trog
Uskayaw
Vehumet
Wu Jian
Xom
Yredelemnul
Zin
The Shining One

Annotations:
D:7 Jeremiah


Innate Abilities, Weirdness & Mutations

You are a hulking beast.
Your limbs bulge with bestial killing power. (Slay +1)
You are too large for most types of armour.
You have claws for hands.
Your natural rate of healing is unusually fast.
You are covered in fur. (AC +1)
You have tough skin. (AC +1)


Message History

Unknown command.
Unknown command.
Aiming: Throw Flame
Press: ? - help, Shift-Dir - straight line, f - Jeremiah
Aim: Jeremiah, wielding a +2 trident of draining, wearing a +0 robe, wearing an orb of mayhem and carrying a wand of iceblast (almost dead, 60% to hit)
The puff of flame hits the butterfly!
You kill the butterfly!
The butterfly disappears in a burst of colours! x2
Unknown command.
Aiming: Throw Flame
Press: ? - help, Shift-Dir - straight line, f/p - Jeremiah
Aim: Jeremiah, wielding a +2 trident of draining, wearing a +0 robe, wearing an orb of mayhem and carrying a wand of iceblast (almost dead, 60% to hit)
The puff of flame misses Jeremiah.
The butterfly disappears in a burst of colours! x4
Unknown command.
Unknown command.
Unknown command.
Unknown command.
The butterfly disappears in a burst of colours!
Jeremiah hops!
You can no longer pass through a line of other dancers.
Unknown command.
Unknown command.
You miss the butterfly.
Jeremiah shouts, "O dreadful one, destroy my foe!"
Something smites you!
Unknown command.
Unknown command.
The butterfly disappears in a burst of colours!
Jeremiah mumbles a slurred invocation.
Something smites you!
* * * LOW HITPOINT WARNING * * *
Unknown command.
Unknown command.
The butterfly disappears in a burst of colours!
Jeremiah hits you from afar with a +2 trident of draining!
* * * LOW HITPOINT WARNING * * *
You feel drained.
You die...
Jeremiah says, "O terrible one, your will is done."

#.....###...##
#.##.####.>..# #..###
#...)## ##### #..#
#...## ....#
#..######.##### #....#
#.........b...##......
#......b.....bF......
.......#.....#.bbbb..#
......b.....)###h....#
..................bb###
#.#......b..b.b.##....#
###...........####..###
#...b.........#....##
#.........##.........#
.............b.....###
...#.....#.....# #
##....####'##


You could see Jeremiah.

Vanquished Creatures
  A sky beast (D:6)
  2 black bears (D:5)
  An ogre (D:5)
  2 ice beasts
  2 centaurs
  A phantom (D:6)
  A kobold brigand (D:6)
  2 bullfrogs (D:7)
  A gnoll sergeant (D:4)
  9 wights (D:6)
  5 hounds
  2 orc priests (D:2)
  2 jellies
  A gnoll bouda (D:4)
  3 iguanas
  3 orc wizards
  4 adders
  11 gnolls
  2 worms
  10 orcs
  6 ball pythons
  5 endoplasms
  2 giant cockroaches
  6 goblins
  2 hobgoblins
  13 jackals
  6 quokkas
  2 bats
  5 frilled lizards
  5 kobolds
  2 rats
119 creatures vanquished.

Notes
Turn   | Place    | Note
-------+----------+-------------------------------------------
     0 | D:1      | gruber the Troll Shapeshifter began the quest for the Orb.
     0 | D:1      | Reached XP level 1. HP: 18/18 MP: 0/0
   118 | D:1      | Reached XP level 2. HP: 24/26 MP: 1/1
   501 | D:2      | Reached skill level 4 in Unarmed Combat
   501 | D:2      | Reached XP level 3. HP: 30/32 MP: 2/2
   520 | D:2      | Reached skill level 5 in Unarmed Combat
   520 | D:2      | Reached XP level 4. HP: 29/40 MP: 3/3
  1002 | D:3      | Found a stormy altar of Qazlal.
  1091 | D:3      | Found a white marble altar of Elyvilon.
  1105 | D:3      | Noticed a centaur
  1114 | D:3      | Killed a centaur
  1115 | D:3      | Reached skill level 6 in Unarmed Combat
  1115 | D:3      | Reached XP level 5. HP: 32/46 MP: 4/4
  1354 | D:3      | Identified the +6 short sword "Gegeiwe" {freeze, Int+3}
  1709 | D:4      | Found a staircase to the Ecumenical Temple.
  1728 | Temple   | Entered the Ecumenical Temple
  1745 | Temple   | Became a worshipper of Uskayaw the Reveller
  1882 | D:4      | Reached * piety under Uskayaw
  1895 | D:4      | Reached ** piety under Uskayaw
  1903 | D:4      | Reached XP level 6. HP: 53/54 MP: 5/5
  1904 | D:4      | Reached *** piety under Uskayaw
  1906 | D:4      | Reached skill level 7 in Unarmed Combat
  2389 | D:5      | Entered Level 5 of the Dungeon
  2523 | D:5      | Found a burning altar of Makhleb.
  2593 | D:5      | Reached skill level 8 in Unarmed Combat
  2596 | D:5      | Reached XP level 7. HP: 56/61 MP: 6/6
  2641 | D:4      | HP: 3/61 [gnoll sergeant/+0 spear (6)]
  2878 | D:5      | Reached skill level 9 in Unarmed Combat
  2926 | D:5      | Reached skill level 1 in Fighting
  3127 | D:5      | Found a radiant altar of Vehumet.
  3153 | D:5      | Found a shimmering blue altar of Sif Muna.
  3337 | D:5      | Reached XP level 8. HP: 75/75 MP: 7/7
  3994 | D:6      | Reached **** piety under Uskayaw
  3997 | D:6      | Reached ***** piety under Uskayaw
  4003 | D:6      | Reached skill level 5 in Fighting
  4111 | D:6      | Found a bloodstained altar of Trog.
  4479 | D:6      | Reached XP level 9. HP: 92/92 MP: 8/8
  4717 | D:7      | Found an ornate altar of the Wu Jian Council.
  4738 | D:7      | Noticed Jeremiah
  4782 | D:7      | Slain by Jeremiah

Illustrated notes

Levels and vault maps discovered:
D:1:      heliophobic_arrival_enchanted_forest, layout_rooms,
          minmay_pentomino_w2
D:2:      layout_basic
D:3:      layout_loops_ring, mainiacjoe_overflow_paths, elyvilon_altar_5,
          columned_hall_lemuel
D:4:      layout_loops_cross, minmay_temple_entry_sparse_star
D:5:      layout_layer_cave, nicolae_vehumet_altar_sigil,
          mainiacjoe_overflow_chevrons, kennysheep_mini,
          pf_guarded_unrand_woodcutter
D:6:      layout_rooms, general_overflow_altar
D:7:      layout_cave_pools, nicolae_wu_jian_glorious_leap, uniq_joseph,
          uniq_prince_ribbit1, uniq_jeremiah, uniq_crazy_yiuf_cottage
Temple:   nicolae_temple_bog_church

Skill      XL: |  1  2  3  4  5  6  7  8  9 |
---------------+----------------------------+-----
Unarmed Combat | 4 5 6 8 9 |  9.0
Fighting       | 3 6 7 |  7.0
Dodging        | |  1.5
Shapeshifting  | |  3.4

Action                     |  1- 3 |  4- 6 |  7- 9 || total
---------------------------+-------+-------+-------++-------
  Melee: Unarmed           |    44 |   133 |   135 ||   312
         Punch             |       |     6 |     7 ||    13
 Invoke: Line Pass         |       |       |     3 ||     3
  Evoke: Wand              |       |       |     2 ||     2
   Stab: Distracted        |     1 |       |       ||     1
         Sleeping          |     1 |       |       ||     1
         Paralysed         |       |     1 |     3 ||     4
         Confused          |       |       |     1 ||     1
 Armour: Animal skin       |    11 |    34 |    18 ||    63
  Dodge: Dodged            |    12 |    50 |    53 ||   115
  Block: Other             |       |       |     1 ||     1

Table legend: (Time is in decaauts)
 A = Elapsed time spent in this place.
 B = Non-inter-level travel time spent in this place.
 C = Inter-level travel time spent in this place.
 D = Time resting spent in this place.
 E = Time spent auto-exploring this place.
 F = Levels seen in this place.
 G = Mean time per level.
                   A        B        C        D        E       F      G
               +--------+--------+--------+--------+--------+-----+--------+
         Total |   4740 |   4534 |    206 |    142 |   3658 |   8 |  592.5 |
       Dungeon |   4705 |   4532 |    173 |    142 |   3658 |   7 |  672.1 |
        Temple |     34 |      1 |     33 |      0 |      0 |   1 |   34.0 |
               +--------+--------+--------+--------+--------+-----+--------+

Top non-repeatable levels by time:
     D:5: 1385 daAuts
     D:4: 881 daAuts
     D:3: 661 daAuts
     D:6: 586 daAuts
     D:2: 578 daAuts
     D:1: 395 daAuts
     D:7: 216 daAuts
  Temple: 34 daAuts
